cohdb
Replays
Latest Replays
All Replays
Popular Replays
Top Player Replays
Match Explorer
How It Works
Community
CoH3 Stats
Reddit
Sign in to upload your games and track your stats! →
Sign in with Steam
Match 39463835
Unlisted
Match 39463835
Overview
Messages
Build Orders
End
Kettenkrad Recon Vehicle
Construct Infanterie Kompanie
Selects Italian Coastal Battlegroup
Selects Coastal Reserves
Coastal Reserve
MG 42 Machine Gun Team
Medical Bunker
Coastal Reserve
GrW 34 Mortar Team
Construct Panzergrenadier Kompanie
Selects Artillery Officer
Artillery Officer
Coastal Reserve
Support Elements
Pioneer Squad
StuG III G Assault Gun
Artillery Officer
Pioneer Squad
Nebelwerfer 42 Rocket Launcher Team
Panzergrenadier Squad
Selects Obice da 210/22 Artillery Emplacement
Selects Designate Defensive Line
Designate Defensive Line
Construct Panzer Kompanie
Selects Designated Artillery Overwatch
MG 42 Bunker
Selects Bulwark
MG 42 Bunker
Artillery Officer
Designated Artillery Overwatch
Medical Bunker
Panzer IV Medium Tank
Stoßtruppen Squad
Repair Bunker
Designated Artillery Overwatch
Side Skirts
Panzer Officer Quarters
Designate Defensive Line
SAMonkey
义勇军
LegendPistachios
Sparkle
Mo-J
Wheeler
0
0
Comments
sign in to comment!
No comments posted yet!